General information
- name: BNet
- type: Ladder team game (AT/RT)
- host: Battle.net
- saver: MoonFaceJake
map: Cherryville
- players: 8
- length: 47:34
- speed: Fast
- version: 1.26 W3XP
- replay type: Public
» download(315 KB)
Players
team 1 (loser)

»
s0t0ng (
blue | 105 APM | 3998 actions | 38:05)
7 Blademaster
3 Wind Walk
3 Critical Strike
1 Bladestorm
» actions
| Assign group hotkey | 20 | |
| Basic commands | 3 | |
| Build / train | 108 | |
| ESC pressed | 3 | |
| Enter build submenu | 33 | |
| Enter hero's abilities submenu | 7 | |
| Give item / drop item | 8 | |
| Right click | 1490 | |
| Select / deselect | 411 | |
| Select group hotkey | 1781 | |
| Use ability | 134 | |
3998 total
» units
| Peon | 32 | |
| Troll Batrider | 17 | |
| Tauren | 7 | |
56 total
» upgrades
| Ranged Weapons | 3 | |
| Armor | 4 | |
| Liquid Fire | 2 | |
| Reinforced Defenses | 1 | |
| Backpack | 1 | |
| Spiked Barricades | 1 | |
| Melee Weapons | 2 | |
| Pulverize | 1 | |
| Burning Oil | 1 | |
16 total
» buildings
| Altar of Storms | 1 | |
| Orc Burrow | 6 | |
| Voodoo Lounge | 1 | |
| War Mill | 1 | |
| Stronghold | 1 | |
| Fortress | 1 | |
| Beastiary | 2 | |
| Great Hall | 3 | |
| Watch Tower | 14 | |
| Tauren Totem | 2 | |
| Barracks | 1 | |
33 total
» build order
00:19 Altar of Storms
01:04 Orc Burrow
01:07 Voodoo Lounge
02:11 War Mill
03:05 Stronghold
03:16 Orc Burrow
04:02 Orc Burrow
05:29 Fortress
05:30 Beastiary
05:56 Beastiary
06:46 Orc Burrow
12:45 Great Hall
16:31 Orc Burrow
17:00 Watch Tower
17:02 Watch Tower
17:05 Watch Tower
17:09 Watch Tower
17:21 Watch Tower
17:25 Watch Tower
18:11 Tauren Totem
18:25 Tauren Totem
18:45 Watch Tower
18:46 Watch Tower
20:52 Orc Burrow
25:15 Watch Tower
27:20 Great Hall
28:14 Watch Tower
30:17 Watch Tower
30:18 Watch Tower
31:24 Barracks
31:49 Great Hall
32:17 Watch Tower
32:18 Watch Tower
» items
| Lesser Clarity Potion | 7 | |
| Healing Salve | 5 | |
| Scroll of Speed | 2 | |
| Boots of Speed | 1 | |
| Potion of Healing | 5 | |
| Orb of Lightning | 1 | |
| Scroll of Town Portal | 2 | |
| Potion of Lesser Invulnerability | 3 | |
26 total

»
ThugMasteR (
teal | 41 APM | 1671 actions | 40:32)
6 Blademaster
3 Wind Walk
2 Critical Strike
1 Mirror Image
2 Shadow Hunter
1 Hex
1 Healing Wave
4 Tauren Chieftain
1 Endurance Aura
3 War Stomp
» actions
| Assign group hotkey | 36 | |
| Build / train | 63 | |
| Enter build submenu | 25 | |
| Enter hero's abilities submenu | 10 | |
| Give item / drop item | 10 | |
| Right click | 772 | |
| Select / deselect | 311 | |
| Select group hotkey | 322 | |
| Use ability | 122 | |
1671 total
» units
» upgrades
| Armor | 2 | |
| Ranged Weapons | 1 | |
| Envenomed Spears | 1 | |
| Reinforced Defenses | 1 | |
5 total
» buildings
| Altar of Storms | 1 | |
| Orc Burrow | 9 | |
| Barracks | 1 | |
| Voodoo Lounge | 1 | |
| Stronghold | 1 | |
| War Mill | 1 | |
| Great Hall | 2 | |
| Beastiary | 2 | |
| Fortress | 1 | |
| Watch Tower | 4 | |
23 total
» build order
00:12 Altar of Storms
00:17 Orc Burrow
00:37 Barracks
01:41 Orc Burrow
01:58 Voodoo Lounge
03:30 Stronghold
04:05 Orc Burrow
04:32 War Mill
05:09 Orc Burrow
05:24 Great Hall
06:19 Beastiary
06:55 Beastiary
09:03 Fortress
09:14 Orc Burrow
11:17 Watch Tower
11:20 Watch Tower
11:55 Watch Tower
12:46 Watch Tower
16:59 Orc Burrow
17:02 Orc Burrow
21:31 Great Hall
23:29 Orc Burrow
23:33 Orc Burrow
» items
| Healing Salve | 5 | |
| Scroll of Speed | 2 | |
| Orb of Lightning | 2 | |
| Lesser Clarity Potion | 1 | |
| Boots of Speed | 1 | |
| Potion of Lesser Invulnerability | 2 | |
| Scroll of Town Portal | 1 | |
14 total
THE.SOPRANOS (
yellow | 80 APM | 3788 actions | 47:30)
6 Blademaster
3 Wind Walk
2 Critical Strike
1 Bladestorm
» actions
| Assign group hotkey | 153 | |
| Basic commands | 63 | |
| Build / train | 125 | |
| Enter build submenu | 46 | |
| Enter hero's abilities submenu | 6 | |
| Give item / drop item | 5 | |
| Right click | 1401 | |
| Select / deselect | 710 | |
| Select group hotkey | 1071 | |
| Use ability | 208 | |
3788 total
» units
| Peon | 17 | |
| Grunt | 8 | |
| Wind Rider | 6 | |
| Goblin Sapper | 7 | |
38 total
» upgrades
| Berserker Strength | 1 | |
| Pillage | 1 | |
| Armor | 3 | |
| Ranged Weapons | 3 | |
| Reinforced Defenses | 1 | |
| Envenomed Spears | 1 | |
| Spiked Barricades | 4 | |
| Backpack | 1 | |
| Liquid Fire | 1 | |
| War Drums Damage Increase | 1 | |
| Ensnare | 1 | |
| Troll Regeneration | 1 | |
| Berserker Upgrade | 1 | |
| Burning Oil | 1 | |
| Melee Weapons | 3 | |
24 total
» buildings
| Orc Burrow | 4 | |
| Barracks | 1 | |
| Altar of Storms | 1 | |
| Voodoo Lounge | 2 | |
| Stronghold | 3 | |
| War Mill | 1 | |
| Great Hall | 7 | |
| Watch Tower | 23 | |
| Fortress | 3 | |
| Beastiary | 4 | |
49 total
» build order
00:16 Orc Burrow
01:25 Orc Burrow
01:30 Barracks
01:33 Altar of Storms
02:12 Voodoo Lounge
02:40 Orc Burrow
04:30 Stronghold
04:31 Stronghold
04:59 Orc Burrow
05:31 War Mill
06:30 Great Hall
07:11 Watch Tower
07:12 Watch Tower
07:16 Watch Tower
07:17 Watch Tower
08:12 Watch Tower
08:14 Watch Tower
09:22 Fortress
09:22 Fortress
09:26 Watch Tower
09:29 Watch Tower
10:04 Watch Tower
10:09 Watch Tower
11:33 Beastiary
11:34 Beastiary
13:37 Watch Tower
13:39 Watch Tower
13:42 Watch Tower
15:46 Watch Tower
19:19 Beastiary
19:21 Beastiary
21:08 Voodoo Lounge
23:28 Great Hall
23:29 Watch Tower
23:30 Watch Tower
23:32 Watch Tower
23:33 Watch Tower
26:21 Great Hall
27:55 Great Hall
29:17 Great Hall
29:23 Watch Tower
30:38 Watch Tower
30:39 Watch Tower
30:40 Watch Tower
30:41 Watch Tower
45:37 Great Hall
46:00 Great Hall
» items
| Healing Salve | 7 | |
| Lesser Clarity Potion | 5 | |
| Orb of Lightning | 1 | |
| Scroll of Town Portal | 4 | |
| Potion of Healing | 2 | |
| Staff of Teleportation | 1 | |
| Scroll of Healing | 1 | |
21 total
righthere (
green | 92 APM | 4035 actions | 43:57)
6 Blademaster
3 Wind Walk
2 Critical Strike
1 Bladestorm
1 Shadow Hunter
1 Healing Wave
» actions
| Assign group hotkey | 68 | |
| Basic commands | 70 | |
| Build / train | 50 | |
| Enter build submenu | 29 | |
| Enter hero's abilities submenu | 7 | |
| Give item / drop item | 4 | |
| Remove unit from queue | 1 | |
| Right click | 2358 | |
| Select / deselect | 169 | |
| Select group hotkey | 1152 | |
| Use ability | 127 | |
4035 total
» units
| Peon | 8 | |
| Troll Batrider | 8 | |
| Demolisher | 3 | |
19 total
» upgrades
| Spiked Barricades | 3 | |
| Liquid Fire | 1 | |
| Ranged Weapons | 2 | |
| Armor | 1 | |
| Reinforced Defenses | 1 | |
8 total
» buildings
| Altar of Storms | 1 | |
| Orc Burrow | 9 | |
| Voodoo Lounge | 2 | |
| War Mill | 1 | |
| Stronghold | 3 | |
| Watch Tower | 7 | |
| Fortress | 1 | |
| Beastiary | 3 | |
| Barracks | 2 | |
| Great Hall | 1 | |
30 total
» build order
00:08 Altar of Storms
00:11 Orc Burrow
00:40 Voodoo Lounge
01:54 War Mill
02:29 Orc Burrow
02:57 Stronghold
02:58 Stronghold
02:58 Stronghold
03:57 Watch Tower
04:03 Watch Tower
04:06 Orc Burrow
04:22 Orc Burrow
05:19 Fortress
05:59 Beastiary
06:00 Beastiary
06:33 Beastiary
09:03 Watch Tower
09:07 Orc Burrow
14:11 Orc Burrow
14:12 Orc Burrow
16:07 Orc Burrow
16:08 Orc Burrow
18:04 Watch Tower
18:06 Watch Tower
18:06 Watch Tower
19:04 Barracks
19:06 Barracks
31:06 Great Hall
35:41 Voodoo Lounge
35:44 Watch Tower
» items
| Healing Salve | 2 | |
| Lesser Clarity Potion | 2 | |
| Boots of Speed | 1 | |
| Staff of Teleportation | 1 | |
| Circlet of Nobility | 1 | |
| Potion of Healing | 1 | |
| Orb of Lightning | 1 | |
9 total
team 2 (winner)

»
dadddy (
purple | 60 APM | 2862 actions | 47:31)
5 Dark Ranger
3 Black Arrow
2 Silence
4 Priestess of the Moon
2 Trueshot Aura
2 Searing Arrows
1 Keeper of the Grove
1 Entangling Roots
1 Warden
1 Shadow Strike
» actions
| Assign group hotkey | 52 | |
| Basic commands | 279 | |
| Build / train | 189 | |
| Enter build submenu | 34 | |
| Enter hero's abilities submenu | 11 | |
| Give item / drop item | 3 | |
| Remove unit from queue | 2 | |
| Right click | 1053 | |
| Select / deselect | 787 | |
| Select group hotkey | 329 | |
| Use ability | 123 | |
2862 total
» units
| Wisp | 47 | |
| Archer | 36 | |
| Druid of the Talon | 7 | |
| Dryad | 2 | |
92 total
» upgrades
| Improved Bows | 1 | |
| Strength of the Moon | 3 | |
| Marksmanship | 1 | |
| Druid of the Talon Training | 2 | |
| Moon Armor | 3 | |
| Abolish Magic | 1 | |
| Backpack | 1 | |
12 total
» buildings
| Ancient of War | 1 | |
| Moon Well | 11 | |
| Altar of Elders | 1 | |
| Tree of Ages | 3 | |
| Tree of Life | 2 | |
| Hunter's Hall | 2 | |
| Ancient Protector | 11 | |
| Tree of Eternity | 3 | |
| Ancient of Wind | 1 | |
| Ancient of Wonders | 1 | |
36 total
» build order
00:07 Ancient of War
00:22 Moon Well
00:26 Moon Well
01:30 Altar of Elders
03:35 Tree of Ages
03:35 Tree of Ages
03:53 Moon Well
04:08 Tree of Life
04:48 Hunter's Hall
06:24 Ancient Protector
06:25 Ancient Protector
06:27 Ancient Protector
06:35 Tree of Eternity
06:35 Tree of Eternity
07:30 Ancient Protector
08:33 Ancient of Wind
09:50 Moon Well
12:02 Ancient of Wonders
12:17 Ancient Protector
12:18 Ancient Protector
12:52 Ancient Protector
13:04 Moon Well
13:14 Ancient Protector
14:21 Ancient Protector
14:23 Ancient Protector
14:52 Ancient Protector
16:42 Moon Well
16:49 Tree of Life
21:14 Moon Well
21:15 Moon Well
22:40 Moon Well
26:05 Hunter's Hall
27:11 Moon Well
27:13 Moon Well
» items
| Potion of Lesser Invulnerability | 1 | |
| Boots of Speed | 2 | |
| Scroll of Healing | 1 | |
| Potion of Healing | 7 | |
| Scroll of Regeneration | 4 | |
| Orb of Venom | 1 | |
| Scroll of Town Portal | 1 | |
17 total
newguy (
orange | 49 APM | 610 actions | 12:28)
2 Warden
1 Shadow Strike
1 Blink
» actions
| Assign group hotkey | 9 | |
| Basic commands | 36 | |
| Build / train | 38 | |
| Enter build submenu | 13 | |
| Enter hero's abilities submenu | 2 | |
| Remove unit from queue | 2 | |
| Right click | 292 | |
| Select / deselect | 140 | |
| Select group hotkey | 39 | |
| Use ability | 39 | |
610 total
» units
| Wisp | 13 | |
| Huntress | 5 | |
| Druid of the Claw | 3 | |
| Dryad | 3 | |
24 total
» upgrades
| Druid of the Claw Training | 2 | |
2 total
» buildings
| Altar of Elders | 1 | |
| Moon Well | 6 | |
| Ancient of War | 1 | |
| Hunter's Hall | 1 | |
| Tree of Ages | 2 | |
| Ancient of Wonders | 1 | |
| Ancient of Lore | 2 | |
| Tree of Eternity | 1 | |
15 total
» build order
00:09 Altar of Elders
00:20 Moon Well
01:32 Ancient of War
01:37 Hunter's Hall
01:50 Moon Well
02:23 Moon Well
03:22 Tree of Ages
03:22 Tree of Ages
04:20 Ancient of Wonders
05:06 Moon Well
05:58 Ancient of Lore
06:05 Ancient of Lore
06:58 Tree of Eternity
09:03 Moon Well
09:53 Moon Well
» items
| Boots of Speed | 1 | |
| Dust of Appearance | 1 | |
| Potion of Mana | 1 | |
3 total
MoonFaceJake (
red | 64 APM | 3064 actions | 47:34)
10 Mountain King
3 Storm Bolt
3 Bash
1 Avatar
3 Thunder Clap
» actions
| Assign group hotkey | 109 | |
| Basic commands | 170 | |
| Build / train | 131 | |
| Enter build submenu | 66 | |
| Enter hero's abilities submenu | 10 | |
| Give item / drop item | 7 | |
| Remove unit from queue | 2 | |
| Right click | 1174 | |
| Select / deselect | 679 | |
| Select group hotkey | 507 | |
| Use ability | 209 | |
3064 total
» units
| Peasant | 12 | |
| Footman | 5 | |
| Goblin Shredder | 1 | |
| Gryphon Rider | 3 | |
| Siege Engine | 13 | |
| Goblin Sapper | 4 | |
| Knight | 6 | |
| Priest | 8 | |
| Dragonhawk Rider | 2 | |
54 total
» upgrades
| Masonry | 3 | |
| Swords | 3 | |
| Armor | 3 | |
| Animal War Training | 1 | |
| Gunpowder | 4 | |
| Plating | 4 | |
| Barrage | 1 | |
| Magic Sentry | 1 | |
| Fragmentation Shards | 1 | |
| Flare | 1 | |
| Flak Cannons | 1 | |
| Priest Training | 2 | |
| Storm Hammers | 1 | |
| Cloud | 1 | |
27 total
» buildings
| Altar of Kings | 1 | |
| Barracks | 3 | |
| Farm | 13 | |
| Scout Tower | 34 | |
| Arcane Tower | 2 | |
| Lumber Mill | 2 | |
| Arcane Vault | 1 | |
| Keep | 1 | |
| Town Hall | 3 | |
| Guard Tower | 7 | |
| Castle | 1 | |
| Gryphon Aviary | 4 | |
| Blacksmith | 2 | |
| Workshop | 3 | |
| Arcane Sanctum | 2 | |
79 total
» build order
00:38 Altar of Kings
00:39 Barracks
00:50 Farm
00:51 Farm
01:04 Farm
01:35 Farm
01:55 Scout Tower
02:27 Arcane Tower
03:08 Lumber Mill
03:24 Arcane Vault
04:19 Keep
04:51 Town Hall
04:54 Scout Tower
04:54 Scout Tower
04:54 Scout Tower
04:55 Scout Tower
05:27 Guard Tower
07:05 Castle
07:29 Scout Tower
07:30 Scout Tower
07:31 Scout Tower
07:34 Scout Tower
08:12 Guard Tower
09:12 Gryphon Aviary
09:13 Gryphon Aviary
09:13 Gryphon Aviary
09:14 Gryphon Aviary
09:17 Blacksmith
09:18 Blacksmith
09:30 Farm
12:25 Workshop
12:28 Workshop
15:00 Scout Tower
15:01 Scout Tower
15:01 Scout Tower
15:03 Scout Tower
15:04 Scout Tower
16:13 Guard Tower
18:19 Scout Tower
18:19 Scout Tower
18:19 Scout Tower
18:20 Scout Tower
18:20 Scout Tower
19:14 Guard Tower
19:50 Arcane Sanctum
20:43 Lumber Mill
29:54 Arcane Sanctum
29:55 Barracks
29:56 Barracks
30:07 Farm
30:07 Farm
30:07 Farm
31:04 Farm
31:04 Farm
31:05 Farm
34:00 Town Hall
34:13 Scout Tower
34:13 Scout Tower
34:13 Scout Tower
34:14 Scout Tower
34:14 Scout Tower
34:17 Scout Tower
34:17 Scout Tower
34:18 Scout Tower
34:43 Guard Tower
34:46 Guard Tower
35:29 Guard Tower
38:01 Scout Tower
38:02 Scout Tower
38:02 Scout Tower
38:04 Scout Tower
38:09 Scout Tower
38:26 Town Hall
38:35 Guard Tower
38:39 Arcane Tower
» items
| Scroll of Regeneration | 4 | |
| Mechanical Critter | 2 | |
| Staff of Sanctuary | 1 | |
| Potion of Healing | 6 | |
| Potion of Mana | 4 | |
| Lesser Clarity Potion | 2 | |
| Staff of Teleportation | 1 | |
| Boots of Speed | 1 | |
| Scroll of Town Portal | 4 | |
| Orb of Fire | 1 | |
26 total
Morepork (
pink | 28 APM | 1278 actions | 45:39)
3 Dark Ranger
2 Silence
1 Life Drain
» actions
| Assign group hotkey | 9 | |
| Basic commands | 23 | |
| Build / train | 155 | |
| Enter build submenu | 91 | |
| Enter hero's abilities submenu | 4 | |
| Remove unit from queue | 1 | |
| Right click | 467 | |
| Select / deselect | 376 | |
| Select group hotkey | 8 | |
| Use ability | 144 | |
1278 total
» units
» upgrades
| Masonry | 2 | |
| Lumber Harvesting | 1 | |
| Magic Sentry | 1 | |
4 total
» buildings
| Altar of Kings | 2 | |
| Farm | 2 | |
| Lumber Mill | 3 | |
| Scout Tower | 60 | |
| Guard Tower | 89 | |
| Arcane Tower | 1 | |
| Keep | 7 | |
| Blacksmith | 1 | |
| Ancient Protector | 9 | |
| Arcane Sanctum | 1 | |
| Tree of Life | 3 | |
| Moon Well | 1 | |
| Castle | 1 | |
| Workshop | 1 | |
| Cannon Tower | 6 | |
| Town Hall | 1 | |
188 total
» build order
06:24 Altar of Kings
06:25 Farm
06:35 Altar of Kings
06:39 Lumber Mill
06:46 Scout Tower
07:37 Scout Tower
07:42 Guard Tower
07:42 Guard Tower
08:05 Arcane Tower
08:13 Scout Tower
08:17 Scout Tower
08:46 Guard Tower
08:47 Guard Tower
08:50 Scout Tower
08:51 Scout Tower
09:01 Scout Tower
09:22 Guard Tower
09:22 Guard Tower
09:32 Guard Tower
09:43 Guard Tower
09:43 Guard Tower
09:43 Guard Tower
09:43 Guard Tower
09:44 Guard Tower
09:51 Scout Tower
09:54 Scout Tower
10:08 Guard Tower
10:08 Guard Tower
10:58 Keep
10:59 Keep
10:59 Keep
10:59 Keep
11:02 Scout Tower
11:04 Scout Tower
11:07 Scout Tower
11:10 Scout Tower
11:39 Guard Tower
11:45 Guard Tower
11:45 Guard Tower
12:00 Guard Tower
12:14 Scout Tower
13:08 Blacksmith
13:12 Scout Tower
13:14 Scout Tower
13:18 Ancient Protector
13:22 Ancient Protector
13:25 Ancient Protector
13:27 Ancient Protector
13:29 Ancient Protector
13:31 Ancient Protector
13:33 Ancient Protector
13:35 Ancient Protector
13:37 Ancient Protector
13:48 Guard Tower
15:09 Scout Tower
15:10 Scout Tower
15:14 Arcane Sanctum
15:21 Scout Tower
15:22 Scout Tower
15:29 Scout Tower
15:34 Scout Tower
15:40 Scout Tower
16:02 Guard Tower
16:32 Guard Tower
17:09 Scout Tower
17:11 Scout Tower
17:16 Scout Tower
18:02 Guard Tower
18:02 Guard Tower
18:06 Scout Tower
18:08 Scout Tower
18:11 Scout Tower
18:13 Scout Tower
18:33 Tree of Life
18:44 Moon Well
18:53 Guard Tower
18:53 Guard Tower
18:57 Guard Tower
19:00 Scout Tower
19:02 Scout Tower
19:05 Scout Tower
19:07 Guard Tower
19:07 Guard Tower
19:46 Guard Tower
19:48 Scout Tower
19:51 Guard Tower
19:51 Guard Tower
20:11 Guard Tower
20:11 Guard Tower
20:12 Guard Tower
20:12 Guard Tower
20:21 Guard Tower
20:22 Guard Tower
20:25 Scout Tower
20:30 Scout Tower
20:42 Scout Tower
20:46 Scout Tower
20:50 Scout Tower
21:01 Scout Tower
21:03 Guard Tower
21:03 Guard Tower
21:03 Guard Tower
21:16 Lumber Mill
21:28 Lumber Mill
21:32 Guard Tower
21:49 Tree of Life
21:59 Guard Tower
22:00 Guard Tower
22:00 Guard Tower
22:17 Guard Tower
22:17 Guard Tower
22:18 Guard Tower
22:18 Guard Tower
22:21 Scout Tower
22:24 Scout Tower
22:31 Scout Tower
22:49 Tree of Life
23:03 Guard Tower
23:11 Guard Tower
23:11 Guard Tower
23:14 Scout Tower
23:17 Scout Tower
23:46 Guard Tower
23:52 Scout Tower
23:55 Scout Tower
23:57 Scout Tower
24:18 Castle
24:23 Guard Tower
24:24 Guard Tower
24:26 Scout Tower
24:32 Guard Tower
24:36 Scout Tower
24:41 Scout Tower
24:50 Workshop
25:09 Guard Tower
25:26 Guard Tower
26:21 Scout Tower
26:55 Guard Tower
26:55 Guard Tower
26:58 Scout Tower
27:49 Cannon Tower
27:57 Scout Tower
28:04 Scout Tower
28:06 Scout Tower
28:31 Guard Tower
28:31 Guard Tower
28:34 Scout Tower
28:54 Cannon Tower
28:59 Scout Tower
29:02 Scout Tower
29:09 Guard Tower
29:12 Scout Tower
29:33 Guard Tower
29:50 Cannon Tower
35:38 Farm
40:42 Town Hall
» items
| Scroll of Regeneration | 1 | |
| Scroll of Town Portal | 1 | |
| Orb of Fire | 1 | |
3 total
Chat log
(04:06 / Allies) MoonFaceJake: teal is mher btw
(05:37 / Allies) MoonFaceJake: get a couple towers
(08:12 / All) righthere: oops u ok?
(08:50 / All) righthere: lmk if u need tips
(11:09 / Allies) MoonFaceJake: tp out prup
(11:12 / Allies) newguy: pink anytime now..
(11:12 / Allies) MoonFaceJake: nvm
(11:26 / Allies) Morepork: i just stared oj
(11:29 / Allies) Morepork: like 2mins ago
(11:30 / Allies) newguy: bs
(11:34 / Allies) newguy: why so many towers
(11:36 / Allies) newguy: u asss
(11:57 / Allies) Morepork: u were all t3 when i started
(12:02 / All) ThugMasteR: noob
(12:09 / Allies) Morepork: and all the towers are so i dont lose my hall to bats like u r about to
(12:17 / Allies) MoonFaceJake: shieeeet
(12:29 / Allies) MoonFaceJake: lumber
(12:32 / Allies) MoonFaceJake: what a fag
(12:40 / Allies) MoonFaceJake: I gave him gold
(12:47 / Allies) Morepork: he was a dick
(14:29 / All) THE.SOPRANOS: lol
(14:37 / All) THE.SOPRANOS: mh?
(14:46 / All) THE.SOPRANOS: lawl
(14:48 / All) THE.SOPRANOS: or just noob
(16:27 / All) THE.SOPRANOS: lawl
(16:44 / All) ThugMasteR: f
(16:53 / All) THE.SOPRANOS: well that didn't work out
(17:22 / Allies) MoonFaceJake: exsqueeze me
(18:12 / Allies) dadddy: more tower
(18:34 / All) MoonFaceJake: ThugMaster more like HackTrash
(18:40 / All) MoonFaceJake: pwnt
(18:45 / All) THE.SOPRANOS: Teal is a hacker?
(18:46 / All) ThugMasteR: cry asshole
(18:49 / All) ThugMasteR: 1v1 anytime
(18:55 / All) THE.SOPRANOS: you two should 1v1 afte
(18:58 / All) THE.SOPRANOS: you knpow each other?
(19:01 / All) MoonFaceJake: you hack lol
(19:04 / All) ThugMasteR: nope
(19:05 / All) MoonFaceJake: why would I 1v1 hacker
(19:06 / All) MoonFaceJake: yes you do
(19:08 / All) MoonFaceJake: I have proof
(19:08 / All) ThugMasteR: hes a pussy
(19:15 / All) Morepork: yellow is a hacker
(19:17 / All) ThugMasteR: noob
(19:20 / All) ThugMasteR: better dodge me
(19:21 / All) Morepork: clicked on dark ranger just than
(19:28 / All) MoonFaceJake: you obviously hack
(19:32 / All) THE.SOPRANOS: yeah and you are using hacks too
(19:40 / All) Morepork: nah u clicked on dr
(19:40 / All) THE.SOPRANOS: running a fogclick detection mixtape
(19:43 / All) Morepork: i aint even playing
(19:57 / All) THE.SOPRANOS: you couldn't see unless you had a hack like that
(20:05 / All) Morepork: ist a detector
(20:08 / All) Morepork: u mh 100%
(20:24 / All) THE.SOPRANOS: it works the same way as a hack
(20:28 / All) THE.SOPRANOS: and would've got you banned years ago lawl
(20:35 / All) Morepork: dont wanna know u. squelched
(20:45 / All) THE.SOPRANOS: lawl
(21:18 / All) ThugMasteR: noob
(21:20 / All) MoonFaceJake: lol
(21:39 / All) THE.SOPRANOS: nice try orange
(22:13 / All) THE.SOPRANOS: wow free potm
(23:00 / All) ThugMasteR: nice mh red
(23:04 / All) MoonFaceJake: LOL
(23:06 / All) ThugMasteR: noob
(25:01 / All) MoonFaceJake: rofl
(25:06 / All) ThugMasteR: what atking peace of shit
(25:13 / All) ThugMasteR: noob fuck
(25:17 / All) Morepork: teal why throw stones. u r known hacker
(25:23 / All) Morepork: your 100% known hacker
(25:24 / All) ThugMasteR: stfu noob
(25:27 / All) ThugMasteR: im the best in here
(25:28 / All) ThugMasteR: by far
(25:31 / All) Morepork: your a 50% mher
(25:34 / All) ThugMasteR: ill beat any 1 of u mh nerds
(25:38 / All) ThugMasteR: cry noob?
(25:40 / All) Morepork: come 1v1 me again virgin
(25:41 / All) THE.SOPRANOS: I'll 1v1 after if you can host
(25:43 / All) Morepork: im like 40-0 vs u
(25:44 / All) ThugMasteR: host a game pussy
(25:46 / All) THE.SOPRANOS: I'm not on my normal internet
(25:48 / All) ThugMasteR: muhahhahaha
(25:48 / All) Morepork: with your mh
(25:49 / All) ThugMasteR: never
(25:53 / All) THE.SOPRANOS: I don't have it port forwarded here
(25:53 / All) Morepork: kodo #1
(25:54 / All) ThugMasteR: ill beta ur asspink
(25:56 / All) Morepork: make game
(25:58 / All) Morepork: i log on main
(26:00 / All) THE.SOPRANOS: I'm in the appalachian mountains in a trailer
(26:02 / All) THE.SOPRANOS: on vacation
(26:07 / All) Morepork: and make another replay of u lsoing with mh virgin
(26:13 / All) ThugMasteR: u make game shit head
(26:14 / All) THE.SOPRANOS: and don't know my way around my buddy's router config
(26:18 / All) Morepork: make game after this virtgin
(26:23 / All) Morepork: u asked for 1v1
(26:27 / All) Morepork: yet u cant host?
(26:29 / All) ThugMasteR: i cant obvi
(26:33 / All) Morepork: than why fuknn ask virgin nerd
(26:35 / All) ThugMasteR: fag boy
(26:35 / Allies) MoonFaceJake: pink you kodos?
(26:51 / Allies) Morepork: do i know u?
(26:51 / All) ThugMasteR: stfu yellow
(26:57 / All) THE.SOPRANOS: Teal is a pussy bitch lol
(26:59 / All) THE.SOPRANOS: Refuses to 1v1
(27:00 / All) ThugMasteR: blatant mh nerd
(27:01 / All) THE.SOPRANOS: he can't host
(27:05 / All) ThugMasteR: click away pussy
(27:06 / Allies) MoonFaceJake: FlameChamp is my whipping boy
(27:09 / All) ThugMasteR: so noob
(27:13 / All) Morepork: teals bad
(27:15 / All) THE.SOPRANOS: so he must be a technologically incompetent millenial retard
(27:18 / All) THE.SOPRANOS: if he can't port forwad
(27:18 / All) Morepork: watch wcreplays of him
(27:19 / All) ThugMasteR: no pink u are bad
(27:22 / All) ThugMasteR: im ranked 4th
(27:23 / All) MoonFaceJake: teal is 100% a mher
(27:26 / All) Morepork: he's played for years and still doesnt know how to play
(27:30 / All) THE.SOPRANOS: ranked 4th in an ancient game LOL
(27:31 / All) ThugMasteR: clearly i have nothing to prove
(27:32 / All) THE.SOPRANOS: grats
(27:33 / All) Morepork: + he 100% mh's
(27:39 / All) THE.SOPRANOS: you got to top after everyone good quit
(27:41 / All) ThugMasteR: nope
(27:43 / All) THE.SOPRANOS: is you mom proud of you?
(27:47 / All) ThugMasteR: not mh douche
(27:48 / All) MoonFaceJake: watch the two latest games of him on highper.ch
(27:50 / All) MoonFaceJake: he 100% mhs
(27:54 / All) ThugMasteR: keep guessing though
(28:03 / All) MoonFaceJake: followed and dusted me
(28:09 / All) MoonFaceJake: my invis'd blood mage
(28:12 / All) ThugMasteR: red u suck bad
(28:15 / All) MoonFaceJake: no way to know I was there lol
(28:17 / All) ThugMasteR: smurf again noob
(28:29 / All) MoonFaceJake: hack again noob
(28:34 / All) THE.SOPRANOS: after everyone good quit
(28:36 / All) MoonFaceJake: thru hacking
(28:42 / All) dadddy: nah, teal just got raped in 2v4 last game
(28:44 / All) ThugMasteR: bs
(28:44 / All) MoonFaceJake: He dnies hacking and then accuses me lol!
(28:44 / All) dadddy: go to wcr for replay
(28:47 / All) ThugMasteR: red hacks
(28:47 / All) dadddy: i'm going to post that now
(28:49 / All) THE.SOPRANOS: Thanks for the base teal btw
(28:50 / All) Morepork: reds doing ok, im not makiing anythiong and he 3v4 against u and game still going :)
(28:55 / All) ThugMasteR: so does yellow
(29:12 / All) ThugMasteR: pink ur a fuckn noob
(29:16 / All) ThugMasteR: tower bitch
(29:18 / All) ThugMasteR: with mh
(29:21 / All) ThugMasteR: awful player
(29:27 / All) Morepork: majking noithging
(29:29 / All) Morepork: not even playing
(29:35 / All) ThugMasteR: speak english
(29:39 / All) ThugMasteR: retard
(29:42 / All) Morepork: had some funny 1v1 against u though
(29:46 / All) Morepork: killed u with bm only a few times
(29:50 / All) ThugMasteR: ur a nobody kid
(29:58 / All) ThugMasteR: smurf a dead game
(30:01 / All) ThugMasteR: rofl?
(30:05 / All) ThugMasteR: im a legend asshole
(30:08 / All) THE.SOPRANOS: yeah and you hack and brag about top rank on a dead game
(30:11 / All) ThugMasteR: on west mostly
(30:12 / All) THE.SOPRANOS: LOL good one
(30:13 / All) Morepork: in what way?
(30:15 / All) ThugMasteR: too bad west died
(30:18 / All) THE.SOPRANOS: LOL on west?
(30:22 / All) THE.SOPRANOS: west is the retard realm
(30:22 / All) ThugMasteR: i wouldnt b in here with shit players
(30:24 / All) Morepork: your only known for being bad and raging
(30:29 / All) THE.SOPRANOS: west has way shittier players than east dude
(30:36 / All) Morepork: west hasnt been good for 7 years though?
(30:36 / All) ThugMasteR: like i said host a game
(30:42 / All) ThugMasteR: i have nothing to prove noobs
(30:45 / All) ThugMasteR: beat the best
(30:52 / All) THE.SOPRANOS: Like I said I'm up a mountain in a trailer and can't, dumbass
(30:53 / All) Morepork: and 7 years ago u were the same noob u r now? who thinks u r a good player apart from you?
(30:56 / All) ThugMasteR: aside from fred and nrx
(30:58 / All) THE.SOPRANOS: you're on your home internet
(30:59 / All) THE.SOPRANOS: so you host
(31:01 / All) ThugMasteR: i beat every1
(31:05 / All) THE.SOPRANOS: or are you too retarded and pussy to?
(31:09 / All) THE.SOPRANOS: any excuse to dodge, huh?
(31:11 / All) ThugMasteR: u mad??????
(31:15 / All) dadddy: are you that retarded teal ?
(31:17 / All) ThugMasteR: whos dodgin?
(31:18 / All) dadddy: u just lost 4v2
(31:19 / All) THE.SOPRANOS: I'm perfectly calm
(31:21 / All) THE.SOPRANOS: you
(31:22 / All) dadddy: so fucking pathetic
(31:24 / All) ThugMasteR: i said host game
(31:25 / All) THE.SOPRANOS: you refuse to host
(31:25 / All) dadddy: dumb fucking shit
(31:26 / All) THE.SOPRANOS: and dodge
(31:28 / All) ThugMasteR: ill beat ur ass
(31:31 / All) dadddy: lol dumb shit
(31:35 / All) Morepork: teals biggest retard on bnet.
(31:37 / All) THE.SOPRANOS: I explained why I can't host so I'll just accept you're retarded
(31:38 / All) dadddy: i dont need to prove anytrhing
(31:46 / All) dadddy: last game and this game, you played like a piece of shit
(31:48 / All) ThugMasteR: shit noob
(31:52 / All) THE.SOPRANOS: I know someone missing chromosones so I can understand if you are retarded
(31:53 / All) dadddy: lol noob fuck
(31:53 / All) ThugMasteR: its 4s asshole
(31:56 / All) THE.SOPRANOS: I have to deal with someone like that a lot
(31:57 / All) ThugMasteR: i could care less
(31:59 / All) dadddy: noob fuck
(32:04 / All) ThugMasteR: ur the noob fuck
(32:04 / All) THE.SOPRANOS: *couldn't
(32:07 / All) ThugMasteR: pussy boy
(32:08 / All) dadddy: noob fuck
(32:12 / All) ThugMasteR: hide behind a smurf
(32:16 / All) ThugMasteR: nice icons!
(32:19 / All) ThugMasteR: rofl???????????????????
(32:22 / All) THE.SOPRANOS: I have another reason to be 0-0 this game
(32:23 / All) ThugMasteR: muhahhahahahahahahahhaha
(32:26 / All) THE.SOPRANOS: LOL bragging about icons
(32:28 / All) ThugMasteR: cowards
(32:30 / All) THE.SOPRANOS: is this nigga serious
(32:35 / All) ThugMasteR: smurfing a dead game
(32:38 / All) ThugMasteR: pathetic
(32:40 / All) ThugMasteR: really
(32:42 / All) THE.SOPRANOS: bragging about top rank in a dead game
(32:44 / All) THE.SOPRANOS: pathetic
(32:45 / All) THE.SOPRANOS: really
(32:51 / All) THE.SOPRANOS: especially when it's on retard realm west
(33:20 / All) Morepork: u wouldnt have even been allowed to join a decent clan on west when it was good tbh teal
(33:43 / All) ThugMasteR: rofl?
(33:52 / All) Morepork: no jokes. really.
(33:53 / All) ThugMasteR: u know i was in clan ggk on east dip shit
(33:57 / All) ThugMasteR: best east clan
(34:02 / All) ThugMasteR: way back when
(34:11 / All) ThugMasteR: but ur noob and prolly dont know them
(34:12 / All) THE.SOPRANOS: ohhhhh, how amazing, you hacked your way into a clan
(34:17 / All) Morepork: looool
(34:18 / All) THE.SOPRANOS: did you have to farm your icons to get in it
(34:20 / All) ThugMasteR: no hacks b then noob
(34:21 / All) Morepork: that wasn't even a good clan
(34:24 / All) THE.SOPRANOS: maybe that's why you are so proud of them lol
(34:27 / All) Morepork: it was a mass games noob clan
(34:30 / All) THE.SOPRANOS: oh so you DO hack now\?|
(34:32 / All) Morepork: all 50% players
(34:35 / All) THE.SOPRANOS: no hacks back then but hacks now are OK?
(34:43 / All) ThugMasteR: didnt say that
(34:56 / All) ThugMasteR: no1 has hacks b then unlike today
(35:42 / All) ThugMasteR: rofl
(35:43 / Allies) Morepork: may as well make a hero and help red
(35:49 / All) ThugMasteR: click away yellow
(35:50 / All) ThugMasteR: noob
(35:56 / All) THE.SOPRANOS: yeah I will
(36:04 / All) THE.SOPRANOS: like that shit?
(36:05 / All) Morepork: you used to do that b4 u knew what they were teal
(36:12 / All) ThugMasteR: yeah and we see it
(36:21 / All) Morepork: used to see u doing it too
(36:29 / All) ThugMasteR: i never noob
(36:30 / All) THE.SOPRANOS: I won't deny I'm a hacker unlike some tryhard play for wins retards
(36:32 / All) ThugMasteR: u know why
(36:34 / All) ThugMasteR: cause i cant
(36:42 / All) THE.SOPRANOS: I play for fun and I find it fun to hack
(36:42 / All) ThugMasteR: i cant see into building
(36:47 / All) THE.SOPRANOS: plus everyone hacks these days
(36:50 / All) ThugMasteR: so why would i click?
(36:57 / All) ThugMasteR: dumbass liar
(36:57 / Allies) Morepork: xpo everywhere red and mass tower it
(37:01 / Allies) Morepork: orcs have trouble with towers
(37:10 / All) THE.SOPRANOS: you could just have anti fogclick
(37:15 / All) THE.SOPRANOS: which idgaf to enable
(37:26 / All) s0t0ng:
(37:53 / All) THE.SOPRANOS: is it annoying when you have fog click to see constant spam
(38:25 / Allies) Morepork: pourp come
(39:27 / All) MoonFaceJake: oh wow lol
(39:32 / All) MoonFaceJake: I think they have mh too
(39:38 / All) MoonFaceJake: I left those priests by mistake
(39:42 / All) MoonFaceJake: and they went right ofr them
(39:46 / All) MoonFaceJake: oh
(39:48 / All) MoonFaceJake: it was thugmaster
(39:49 / All) MoonFaceJake: blue left
(40:09 / All) MoonFaceJake: I think green mh too thoi
(40:15 / All) righthere: i dont
(40:35 / All) MoonFaceJake: lol
(40:36 / All) THE.SOPRANOS: raped
(41:46 / All) THE.SOPRANOS: jesus
(41:49 / All) THE.SOPRANOS: those towers
(41:49 / All) THE.SOPRANOS: LOL
(42:19 / Allies) Morepork: u need paladin also
(42:22 / Allies) Morepork: than your hero invincible
(43:33 / All) THE.SOPRANOS: got his bm
(43:39 / All) THE.SOPRANOS: that wasn't hard at all
(44:03 / All) THE.SOPRANOS: BAD LUCK FOR PINK LOL
(44:08 / All) THE.SOPRANOS: Pink and purp lose
(44:11 / All) Morepork: how so
(44:14 / All) Morepork: i dont need to win
(44:14 / All) MoonFaceJake: pink is 0-0 and kodos lol
(44:19 / All) Morepork: i didnt even make any units haha
(44:25 / All) Morepork: this name is for stupid play
(44:32 / All) Morepork: i think it was afk for half the game haha
(44:34 / All) THE.SOPRANOS: from what you showed this game
(44:39 / All) THE.SOPRANOS: I think you always have stupid play haha
(44:44 / All) Morepork: likewise
(44:48 / All) Morepork: ur bad south americans
(44:56 / All) Morepork: that always get raped by me
(45:05 / All) Morepork: rofl
(45:13 / All) THE.SOPRANOS: my english is way too good to be a south amercian jungle monkey
(45:25 / All) THE.SOPRANOS: you haven't played many hues
(45:28 / All) Morepork: heres how much i care haha
(45:32 / All) THE.SOPRANOS: haha
(45:36 / All) Morepork: u care not me virgins LOLOL
(45:38 / All) Morepork: cya
(45:41 / All) THE.SOPRANOS: haha
(46:30 / All) THE.SOPRANOS: +23 dmg bm
(46:37 / All) THE.SOPRANOS: with ring of regen
(46:43 / All) THE.SOPRANOS: pendant and it'd be perfect
(47:00 / All) MoonFaceJake: let's just give thugmaster the loss?
(47:07 / All) MoonFaceJake: purp is 50%
(47:08 / All) MoonFaceJake: but
(47:14 / All) MoonFaceJake: he's been afk like 20 minutes
(47:16 / All) THE.SOPRANOS: Pink left so I'm happy
(47:24 / All) THE.SOPRANOS: he was an annoying 0-0 retard noob
(47:30 / All) THE.SOPRANOS: aight teal lose